Unix NetHack Version 3.7.0-71 Work-in-progress - last build Jan 31 2023 02:41:03 (7ba98a1283f2b7cec35fde026edb48fc825ab8ae,branch:master). Game began 2023-02-01 12:57:36, ended 2023-02-01 13:01:28. Gandelf, neutral male human Monk .. .... .... -.... .G... ... ... .@. .... ..... ..... |<.| --- Gandelf the Novice St:16 Dx:13 Co:11 In:10 Wi:15 Ch:10 Neutral S:414 Dlvl:4 $:20 HP:0(26) Pw:21(20) AC:4 Xp:3/61 T:444 Latest messages: You kill the dwarf! Welcome to experience level 2. There are several objects here. The gnome swings his crossbow. The gnome hits! You kill the gnome! You hear crashing rock. You find a teleportation trap. You hear crashing rock. You see here a large box. You kill the gnome! Welcome to experience level 3. You feel healthy! Hmmm, the large box turns out to be locked. Unlock it with your lock pick? [ynq] (q) y You hear crashing rock. You stop picking the lock. You hit the dwarf! You kill the dwarf! There are several objects here. $ - 9 gold pieces (20 in total). m - a pair of iron shoes. n - a pick-axe. You see here a locked large box. The large box is locked. Unlock it with your lock pick? [ynq] (q) y You succeed in picking the lock. o - 2 slime molds. p - a wrinkled spellbook. q - a spellbook of confuse monster. You see here a scroll labeled PHOL ENDE WODAN. r - a scroll labeled PHOL ENDE WODAN. You hear a chugging sound. The gnome throws a dart! You are hit by a dart. You kill the lichen! You see here a lichen corpse. There is a lichen corpse here; eat it? [ynq] (n) y This lichen corpse tastes delicious! You finish eating the lichen corpse. You kill the gnome! You descend the stairs. The gnome picks up a wand. The gnome zaps a short wand! The death ray hits you! Do you want your possessions identified? [ynq] (y) y Do you want to see your attributes? [ynq] (y) y Do you want an account of creatures vanquished? [ynaq] (y) y Do you want to see your conduct and achievements? [ynq] (y) y Do you want to see the dungeon overview? [ynq] (y) y Inventory: Coins $ - 20 gold pieces Armor a - an uncursed +2 pair of leather gloves (being worn) m - an uncursed +0 pair of iron shoes b - an uncursed +1 robe (being worn) Comestibles o - 2 uncursed slime molds g - 6 uncursed apples f - 3 uncursed food rations i - 3 uncursed fortune cookies h - 5 uncursed oranges j - an uncursed lichen corpse Scrolls d - a blessed scroll of identify r - an uncursed scroll of punishment Spellbooks c - a blessed spellbook of confuse monster q - an uncursed spellbook of confuse monster p - an uncursed spellbook of detect food Potions e - 3 uncursed potions of healing Tools k - an uncursed lock pick n - a +0 pick-axe l - an uncursed tin whistle Gandelf the Monk's attributes: Background: You were a Novice, a level 3 male human Monk. You were neutral, on a mission for Chih Sung-tzu who was opposed by Shan Lai Ching (lawful) and Huan Ti (chaotic). You were in the Gnomish Mines, on level 4. You entered the dungeon 444 turns ago. You had 61 experience points, 19 more were needed to attain level 4. Your score was 414 before end-of-game adjustments. Basics: You had 0 out of 26 hit points. You had 21 out of 20 energy points (spell power). Your armor class was 4. Your wallet contained 20 zorkmids. Autopickup was off. Final Characteristics: Your strength was 16 (limit:18/100). Your dexterity was 13 (limit:18). Your constitution was 11 (limit:18). Your intelligence was 10 (limit:18). Your wisdom was 15 (limit:18). Your charisma was 10 (limit:18). Final Status: You were not hungry. You were unencumbered. You were empty handed. You had basic skill with martial arts. Final Attributes: You were fervently aligned. You were sleep resistant. You were poison resistant. You saw invisible. You were guarded. You were fast. You are dead. Miscellaneous: You never encountered a bones level. Total elapsed playing time was 3 minutes and 52 seconds. Major events: Turn 1: Gandelf the neutral male human Monk entered the dungeon 311: entered the Gnomish Mines 394: attained the rank of Novice (level 3) 444: killed by a death ray Vanquished creatures: 2 dwarves 4 gnomes 3 lichens a kobold zombie a newt 11 creatures vanquished. No species were genocided or became extinct. Voluntary challenges: You followed a strict vegan diet. You were an atheist. You never hit with a wielded weapon. You were illiterate. You never engraved Elbereth. You never genocided any monsters. You never polymorphed an object. You never changed form. You used no wishes. Achievements: You entered the Gnomish Mines. You attained the rank of Novice. The Dungeons of Doom: levels 1 to 2 Level 1: Level 2: Stairs down to The Gnomish Mines. The Gnomish Mines: levels 3 to 4 Level 3: Level 4: <- You were here. Final resting place for you, killed by a death ray. Game over: ---------- / \ / REST \ / IN \ / PEACE \ / \ | Gandelf | | 20 Au | | killed by a | | death ray | | | | | | 2023 | *| * * * | * _________)/\\_//(\/(/\)/\//\/|_)_______ Goodbye Gandelf the Monk... You died in The Gnomish Mines on dungeon level 4 with 412 points, and 20 pieces of gold, after 444 moves. You were level 3 with a maximum of 26 hit points when you died.